SA
DELAWARE 1787 BC @ WALLA WALLA WALLEYE
06/07/2029
 
TOP OF THE 1ST
Delaware 1787 BC batting - Pitching for Walla Walla Walleye : RHP Júlio Valenzuela
Pitching: RHP Júlio Valenzuela
Batting: RHB Jesús Guzmán 0-0: Fly out, F8 (Flyball, 8LD)
Batting: LHB Donovan Inman 0-0: Called Strike
0-1: Ball
1-1: Fly out, F7 (Flyball, 78S)
Batting: LHB Ramón Garmendia 0-0: Ball
1-0: Foul Ball, location: 2F
1-1: Foul Ball, location: 2F
1-2: Ball
2-2: Ball
3-2: Strikes out looking
Top of the 1st over - 0 runs, 0 hits, 0 errors, 0 left on base; Delaware 0 - Walla Walla 0
BOTTOM OF THE 1ST
Walla Walla Walleye batting - Pitching for Delaware 1787 BC : RHP Lincoln Spooner
Pitching: RHP Lincoln Spooner
Batting: LHB Johan Kroening 0-0: Ball
1-0: Ball
2-0: Ball
3-0: Called Strike
3-1: Foul Ball, location: 2F
3-2: Strikes out looking
Batting: RHB Leonardo Medina 0-0: Called Strike
0-1: Called Strike
0-2: Strikes out swinging
Batting: RHB Shuichi Saito 0-0: Called Strike
0-1: Fly out, F6 (Popup, 6S)
Bottom of the 1st over - 0 runs, 0 hits, 0 errors, 0 left on base; Delaware 0 - Walla Walla 0
TOP OF THE 2ND
Delaware 1787 BC batting - Pitching for Walla Walla Walleye : RHP Júlio Valenzuela
Batting: RHB Mikko Haataja 0-0: Called Strike
0-1: Swinging Strike
0-2: Ball
1-2: Ball
2-2: Foul Ball, location: 2F
2-2: SINGLE (Groundball, 56D)
Batting: LHB Kelvin Abbott 0-0: Called Strike
0-1: Foul Ball, location: 2F
0-2: Ball
1-2: Foul Ball, location: 2F
1-2: Strikes out swinging
Batting: RHB Ryobe Sasaki 0-0: Ball
Mikko Haataja steals 2nd base
1-0: Ground out 5-3 (Groundball, 56S)
Mikko Haataja to third
Batting: SHB Curt Pack 0-0: Ball
1-0: Ball
2-0: Called Strike
2-1: Foul Ball, location: 2F
2-2: Ball
3-2: Ground out 5-3 (Groundball, 56)
Top of the 2nd over - 0 runs, 1 hit, 0 errors, 1 left on base; Delaware 0 - Walla Walla 0
BOTTOM OF THE 2ND
Walla Walla Walleye batting - Pitching for Delaware 1787 BC : RHP Lincoln Spooner
Batting: RHB Luis Delvalle 0-0: Foul Ball, location: 2F
0-1: Swinging Strike
0-2: Strikes out looking
Batting: RHB Cody Jaeckel 0-0: Ball
1-0: Foul Ball, location: 2F
1-1: Ball
2-1: SINGLE (Groundball, 56S) (infield hit)
Batting: RHB Harunobu Matsushita 0-0: Ball
Cody Jaeckel steals 2nd base
1-0: Called Strike
1-1: Called Strike
Cody Jaeckel steals 3rd base
1-2: Strikes out swinging
Batting: RHB José de la Cavallería 0-0: Called Strike
0-1: Ground out 1-3 (Groundball, 13S)
Bottom of the 2nd over - 0 runs, 1 hit, 0 errors, 1 left on base; Delaware 0 - Walla Walla 0
TOP OF THE 3RD
Delaware 1787 BC batting - Pitching for Walla Walla Walleye : RHP Júlio Valenzuela
Batting: LHB Bryce Abood 0-0: SINGLE (Groundball, 2L) (infield hit)
Batting: RHB Malcolm Campbell 0-0: Ball
1-0: Fly out, F7 (Flyball, 78S)
Batting: RHB Jesús Guzmán 0-0: Called Strike
0-1: Ball
1-1: Ball
2-1: Swinging Strike
2-2: Foul Ball, location: 2F
2-2: SINGLE (Line Drive, 89M)
Bryce Abood to second
Batting: LHB Donovan Inman 0-0: Called Strike
0-1: Ball
1-1: Ball
2-1: Ball
3-1: Fly out, F9 (Flyball, 89D)
Runner from 2nd tags up, SAFE at 3rd, no throw
Batting: LHB Ramón Garmendia 0-0: Ball
1-0: Ball
2-0: Ball
3-0: Base on Balls
Jesús Guzmán to second
Batting: RHB Mikko Haataja 0-0: Foul Ball, location: 2F
0-1: Foul Ball, location: 2F
0-2: Fly out, F9 (Flyball, 9LSF)
Top of the 3rd over - 0 runs, 2 hits, 0 errors, 3 left on base; Delaware 0 - Walla Walla 0
BOTTOM OF THE 3RD
Walla Walla Walleye batting - Pitching for Delaware 1787 BC : RHP Lincoln Spooner
Batting: RHB Corey Hines 0-0: Called Strike
0-1: Ball
1-1: Called Strike
1-2: Ball
2-2: Strikes out swinging
Batting: LHB Mo Eayrs 0-0: Foul Ball, location: 2F
0-1: Ball
1-1: Called Strike
1-2: Ball
2-2: Foul Ball, location: 2F
2-2: Foul Ball, location: 2F
2-2: Ground out 5-3 (Groundball, 5)
Batting: LHB Johan Kroening 0-0: Bunt missed!
0-1: Ball
1-1: Ball
2-1: SINGLE (Line Drive, 8RS)
Batting: RHB Leonardo Medina 0-0: Foul Ball, location: 2F
0-1: Swinging Strike
0-2: Strikes out swinging
Bottom of the 3rd over - 0 runs, 1 hit, 0 errors, 1 left on base; Delaware 0 - Walla Walla 0
TOP OF THE 4TH
Delaware 1787 BC batting - Pitching for Walla Walla Walleye : RHP Júlio Valenzuela
Batting: LHB Kelvin Abbott 0-0: Swinging Strike
0-1: Foul Ball, location: 2F
0-2: Fly out, F8 (Line Drive, 8RD)
Batting: RHB Ryobe Sasaki 0-0: Ground out 1-3 (Groundball, 13)
Batting: SHB Curt Pack 0-0: Ball
1-0: Ball
2-0: Ball
3-0: Called Strike
3-1: DOUBLE (Line Drive, 89M)
Batting: LHB Bryce Abood 0-0: Foul Ball, location: 2F
0-1: Foul Ball, location: 2F
0-2: SINGLE (Groundball, 6M) (infield hit)
Curt Pack to third
Batting: RHB Malcolm Campbell 0-0: Ball
1-0: Called Strike
1-1: Swinging Strike
1-2: Strikes out looking
Top of the 4th over - 0 runs, 2 hits, 0 errors, 2 left on base; Delaware 0 - Walla Walla 0
BOTTOM OF THE 4TH
Walla Walla Walleye batting - Pitching for Delaware 1787 BC : RHP Lincoln Spooner
Batting: RHB Shuichi Saito 0-0: Ball
1-0: Called Strike
1-1: Ground out 6-3 (Groundball, 6)
Batting: RHB Luis Delvalle 0-0: Ball
1-0: Foul Ball, location: 2F
1-1: Foul Ball, location: 2F
1-2: Foul Ball, location: 2F
1-2: Ball
2-2: SINGLE (Groundball, 6MD)
Batting: RHB Cody Jaeckel 0-0: Called Strike
0-1: Ball
1-1: Called Strike
1-2: Ball
2-2: Strikes out looking
Batting: RHB Harunobu Matsushita 0-0: Ball
1-0: Called Strike
1-1: Swinging Strike
1-2: Strikes out swinging
Bottom of the 4th over - 0 runs, 1 hit, 0 errors, 1 left on base; Delaware 0 - Walla Walla 0
TOP OF THE 5TH
Delaware 1787 BC batting - Pitching for Walla Walla Walleye : RHP Júlio Valenzuela
Batting: RHB Jesús Guzmán 0-0: Ball
1-0: Called Strike
1-1: Ball
2-1: Swinging Strike
2-2: Reached on error, E4 (Groundball, 4)
Batting: LHB Donovan Inman 0-0: Ball
1-0: Fielders Choice at 2nd, 6-4 (Groundball, 56)
Batting: LHB Ramón Garmendia 0-0: Swinging Strike
0-1: Foul Ball, location: 2F
0-2: Ball
1-2: Ball
2-2: Ball
3-2: Base on Balls
Donovan Inman to second
Batting: RHB Mikko Haataja 0-0: Swinging Strike
0-1: Ball
1-1: Called Strike
1-2: Strikes out looking
Batting: LHB Kelvin Abbott 0-0: Ball
1-0: Foul Ball, location: 2F
1-1: Fly out, F3 (Line Drive, 3S)
Top of the 5th over - 0 runs, 0 hits, 1 error, 2 left on base; Delaware 0 - Walla Walla 0
BOTTOM OF THE 5TH
Walla Walla Walleye batting - Pitching for Delaware 1787 BC : RHP Lincoln Spooner
Batting: RHB José de la Cavallería 0-0: Swinging Strike
0-1: Swinging Strike
0-2: Foul Ball, location: 2F
0-2: Foul Ball, location: 2F
0-2: Strikes out looking
Batting: RHB Corey Hines 0-0: Called Strike
0-1: Foul Ball, location: 2F
0-2: Ball
1-2: Strikes out swinging
Batting: LHB Mo Eayrs 0-0: Called Strike
0-1: Ball
1-1: Ball
2-1: Foul Ball, location: 2F
2-2: Ball
3-2: Strikes out swinging
Bottom of the 5th over - 0 runs, 0 hits, 0 errors, 0 left on base; Delaware 0 - Walla Walla 0
TOP OF THE 6TH
Delaware 1787 BC batting - Pitching for Walla Walla Walleye : RHP Júlio Valenzuela
Batting: RHB Ryobe Sasaki 0-0: Called Strike
0-1: Ball
1-1: DOUBLE (Flyball, 8RD)
Batting: SHB Curt Pack 0-0: Ball
1-0: Called Strike
1-1: Foul Ball, location: 2F
1-2: Foul Ball, location: 2F
1-2: Ball
2-2: Ball
3-2: Strikes out swinging
Batting: LHB Bryce Abood 0-0: Intentional Walk
Batting: RHB Malcolm Campbell 0-0: Ball
1-0: Ball
2-0: Fly out, F3 (Popup, 34S)
Batting: RHB Jesús Guzmán 0-0: Called Strike
0-1: Swinging Strike
0-2: Strikes out looking
Top of the 6th over - 0 runs, 1 hit, 0 errors, 2 left on base; Delaware 0 - Walla Walla 0
BOTTOM OF THE 6TH
Walla Walla Walleye batting - Pitching for Delaware 1787 BC : RHP Lincoln Spooner
Batting: LHB Johan Kroening 0-0: Swinging Strike
0-1: Ball
1-1: Swinging Strike
1-2: Ball
2-2: Ball
3-2: Strikes out swinging
Batting: RHB Leonardo Medina 0-0: Foul Ball, location: 2F
0-1: Ball
1-1: SINGLE (Flyball, 9LS)
Batting: RHB Shuichi Saito 0-0: Called Strike
0-1: Ball
1-1: Ball
2-1: Foul Ball, location: 2F
2-2: Strikes out looking
Batting: RHB Luis Delvalle 0-0: Ground out 6-3 (Groundball, 6)
Bottom of the 6th over - 0 runs, 1 hit, 0 errors, 1 left on base; Delaware 0 - Walla Walla 0
TOP OF THE 7TH
Delaware 1787 BC batting - Pitching for Walla Walla Walleye : RHP Júlio Valenzuela
Pitching: LHP Nicolas Michel
Pinch Hitting: RHB John Willoughby 0-0: Called Strike
0-1: Ball
1-1: Foul Ball, location: 2F
1-2: SINGLE (Groundball, 34D)
Batting: LHB Ramón Garmendia 0-0: Swinging Strike
0-1: Ball
1-1: Foul Ball, location: 2F
1-2: Ball
2-2: Fly out, F7 (Flyball, 7D)
Pitching: RHP Melchor Morse
Batting: RHB Mikko Haataja 0-0: Ball
1-0: Ball
2-0: Ball
3-0: Called Strike
3-1: Base on Balls
John Willoughby to second
Batting: LHB Kelvin Abbott 0-0: Called Strike
0-1: Swinging Strike
0-2: Ball
1-2: Foul Ball, location: 2F
1-2: Ball
2-2: Strikes out swinging
Batting: RHB Ryobe Sasaki 0-0: Foul Ball, location: 2F
0-1: Foul Ball, location: 2F
0-2: Strikes out swinging
Top of the 7th over - 0 runs, 1 hit, 0 errors, 2 left on base; Delaware 0 - Walla Walla 0
BOTTOM OF THE 7TH
Walla Walla Walleye batting - Pitching for Delaware 1787 BC : RHP Lincoln Spooner
Now in LF: Félix Ellard
Batting: RHB Cody Jaeckel 0-0: Called Strike
0-1: Ball
1-1: Foul Ball, location: 2F
1-2: Ball
2-2: Fly out, F5 (Popup, 5)
Batting: RHB Harunobu Matsushita 0-0: Called Strike
0-1: Called Strike
0-2: Ball
1-2: Ball
2-2: Foul Ball, location: 2F
2-2: Fly out, F7 (Flyball, 78D)
Pinch Hitting: RHB Bobby Ochs 0-0: Called Strike
0-1: Fly out, F8 (Flyball, 78D)
Bottom of the 7th over - 0 runs, 0 hits, 0 errors, 0 left on base; Delaware 0 - Walla Walla 0
TOP OF THE 8TH
Delaware 1787 BC batting - Pitching for Walla Walla Walleye : RHP Melchor Morse
Now at 3B: Raúl Mateo
Batting: SHB Curt Pack 0-0: Ball
1-0: Foul Ball, location: 2F
1-1: Ground out 4-3 (Groundball, 4)
Batting: LHB Bryce Abood 0-0: Foul Ball, location: 2F
0-1: Foul Ball, location: 2F
0-2: Ball
1-2: Ball
2-2: Ball
3-2: DOUBLE (Line Drive, 78XD)
Batting: RHB Malcolm Campbell 0-0: Ball
1-0: Ball
2-0: Ball
3-0: Called Strike
3-1: Foul Ball, location: 2F
3-2: Ground out 4-3 (Groundball, 4)
Bryce Abood to third
Batting: RHB Jesús Guzmán 0-0: Foul Ball, location: 2F
0-1: Swinging Strike
0-2: Strikes out swinging
Top of the 8th over - 0 runs, 1 hit, 0 errors, 1 left on base; Delaware 0 - Walla Walla 0
BOTTOM OF THE 8TH
Walla Walla Walleye batting - Pitching for Delaware 1787 BC : RHP Lincoln Spooner
Pinch Hitting: RHB Jimmy Fick 0-0: Ball
1-0: Ball
2-0: Ground out 6-3 (Groundball, 6)
Pinch Hitting: RHB Rex Criscuolo 0-0: Ball
1-0: Called Strike
1-1: Foul Ball, location: 2F
1-2: Strikes out swinging
Batting: LHB Johan Kroening 0-0: Ball
1-0: Called Strike
1-1: Fly out, F9 (Flyball, 9LM)
Bottom of the 8th over - 0 runs, 0 hits, 0 errors, 0 left on base; Delaware 0 - Walla Walla 0
TOP OF THE 9TH
Delaware 1787 BC batting - Pitching for Walla Walla Walleye : RHP Melchor Morse
Now at 2B: Rex Criscuolo
Now in CF: Jimmy Fick
Pinch Hitting: RHB Jeff Quesenberry 0-0: Called Strike
0-1: Ball
1-1: Ball
2-1: Foul Ball, location: 2F
2-2: Foul Ball, location: 2F
2-2: Foul Ball, location: 2F
2-2: Foul Ball, location: 2F
2-2: SOLO HOME RUN (Flyball, 9D), Distance : 437 ft
Batting: LHB Ramón Garmendia 0-0: Foul Ball, location: 2F
0-1: Ball
1-1: Foul Ball, location: 2F
1-2: Strikes out swinging
Batting: RHB Mikko Haataja 0-0: Foul Ball, location: 2F
0-1: Ball
1-1: Foul Ball, location: 2F
1-2: Ball
2-2: Foul Ball, location: 2F
2-2: Reached on error, E6 (Groundball, 6)
Batting: LHB Kelvin Abbott 0-0: Ball
Throwing error on steal attempt, E2
Mikko Haataja to third
1-0: Intentional Walk
Pinch Hitting: RHB Elwiin Hund 0-0: Ball
1-0: Called Strike
1-1: Fly out, F8 (Flyball, 89M)
Runner from 3rd tags up, SCORES, no throw
Batting: SHB Curt Pack 0-0: Ball
Kelvin Abbott steals 2nd base
1-0: Ball
2-0: Called Strike
2-1: Called Strike
2-2: Fly out, F9 (Flyball, 9D)
Top of the 9th over - 2 runs, 1 hit, 2 errors, 1 left on base; Delaware 2 - Walla Walla 0
BOTTOM OF THE 9TH
Walla Walla Walleye batting - Pitching for Delaware 1787 BC : RHP Lincoln Spooner
Pitching: LHP Todd Howell
Now at C: Elwiin Hund
Now in LF: Tobias Jimenez
Batting: RHB Leonardo Medina 0-0: Called Strike
0-1: Ball
1-1: Foul Ball, location: 2F
1-2: SINGLE (Groundball, 6MD)
Batting: RHB Shuichi Saito 0-0: Fly out, F3 (Popup, 23)
Batting: RHB Luis Delvalle 0-0: Swinging Strike
0-1: Foul Ball, location: 2F
0-2: Foul Ball, location: 2F
0-2: Foul Ball, location: 2F
0-2: Ball
1-2: Ball
2-2: Ball
3-2: Strikes out looking
Batting: RHB Cody Jaeckel 0-0: Fly out, F7 (Flyball, 7S)
Bottom of the 9th over - 0 runs, 1 hit, 0 errors, 1 left on base; Delaware 2 - Walla Walla 0
Tuesday, December 19th, 2017 - OOTP Baseball 18.8 Build 76